 Dungeon Sprint DCSS version 0.21-a0-338-g36cf2fc (webtiles) character file.

8519 Kidiri the Warrior (level 11, -6/168 HPs)
             Began as a Purple Draconian Berserker on Oct 3, 2017.
             Was the Champion of Trog.
             Mangled by an Orb Guardian (30 damage)
             ... in the Dungeon (Sprint V: "Ziggurat Sprint").
             The game lasted 00:07:31 (1724 turns).

Kidiri the Warrior (Purple Draconian Berserker)     Turns: 1724, Time: 00:07:32

Health: -6/168     AC:  7    Str: 33    XL:     11   Next: 11%
Magic:  16/16      EV: 21    Int:  8    God:    Trog [******]
Gold:   0          SH:  0    Dex: 15    Spells: 10/10 levels left

rFire    + . .     SeeInvis +   G - +14 obsidian axe {chop, +Fly SInv *Curse} (curse)
rCold    + . .     Gourm    .   (no shield)
rNeg     . . .     Faith    .   (armour unavailable)
rPois    .         Spirit   .   (helmet restricted)
rElec    +         Reflect  .   (no cloak)
rCorr    .         Harm     +   (no gloves)
MR       ++...     NoTele   +   (no boots)
Stlth    ..........             w - amulet of Iriol {Harm *Drain rElec}
HPRegen  0.38/turn              A - +6 ring of strength
MPRegen  0.15/turn              K - ring "Zuarepat" {rF+ rC+ MR+ Dex+4}

@: berserking, lethally poisoned (-6 -> -120), mesmerised, very quick
A: breathe power, unfitting armour, cold-blooded, AC +7
a: Breathe Dispelling Energy, Berserk, Trog's Hand, Brothers in Arms, Burn
Spellbooks, Renounce Religion, Evoke Flight


You were in the Dungeon.
You worshipped Trog.
Trog was exalted by your worship.
You were very hungry.

You visited 1 branch

Inventory:

Hand Weapons
 G - the cursed +14 obsidian axe (weapon) {chop, +Fly SInv *Curse}
   (You found it in the Dungeon)

   It inflicts extra damage upon your enemies.
   It lets you see invisible.
   It lets you fly.
   It curses itself when equipped.
   It has a curse placed upon it.
Missiles
 a - 3 needles of frenzy
 l - 4 poisoned javelins
 J - 5 tomahawks of dispersal (quivered)
Jewellery
 w - the amulet of Iriol (around neck) {Harm *Drain rElec}
   (You found it in the Dungeon)

   [amulet of harm]

   It increases damage dealt and taken.
   It insulates you from electricity.
   It causes draining when unequipped.
 x - a +4 ring of protection
 y - the ring of Atziucsa {rF+ Int+2}
   (You took it off an orc warrior in the Dungeon)

   [ring of intelligence]

   It affects your intelligence (+2).
   It protects you from fire.
 z - an uncursed ring of fire
 A - a +6 ring of strength (left hand)
 K - the ring "Zuarepat" (right hand) {rF+ rC+ MR+ Dex+4}
   (You found it in the Dungeon)

   [ring of protection from fire]

   It affects your dexterity (+4).
   It protects you from fire.
   It protects you from cold.
   It affects your resistance to hostile enchantments.
Wands
 C - a wand of disintegration (7/24)
 D - a wand of iceblast (5/15)
 E - a wand of lightning (5/15)
 F - a wand of acid (5/15)
Scrolls
 h - 4 scrolls of blinking
 o - 3 scrolls of recharging
 p - 7 scrolls of fog
 q - a scroll of holy word
 r - 5 scrolls of identify
 s - 4 scrolls of remove curse
 t - 2 scrolls of fear
 L - a scroll of brand weapon
Potions
 c - 10 potions of curing
 d - 10 potions of heal wounds
 e - 6 potions of haste
 f - 7 potions of magic
 g - 3 potions of berserk rage
 i - 2 potions of brilliance
 j - 2 potions of invisibility
 k - 4 potions of resistance
 m - 5 potions of agility
 n - 5 potions of might
Comestibles
 b - 5 bread rations
 u - 30 fruits
 v - 4 meat rations
 I - 25 chunks of flesh


   Skills:
 * Level 15.2 Fighting
 * Level 14.2 Axes
 + Level 9.3 Throwing
 * Level 13.1 Dodging
 + Level 7.0 Evocations


You had 10 spell levels left.
You didn't know any spells.

Dungeon Overview and Level Annotations

Branches:
Dungeon (1/1)

Altars:
Ashenzari
Cheibriados
Dithmenos
Elyvilon
Fedhas
Gozag
Hepliaklqana
Kikubaaqudgha
Makhleb
Nemelex Xobeh
Okawaru
Qazlal
Ru
Sif Muna
Trog
Uskayaw
Vehumet
Wu Jian
Xom
Yredelemnul
Zin
The Shining One
Beogh
Jiyva
Lugonu

Annotations:
D 1 transporter


Innate Abilities, Weirdness & Mutations

You can breathe bolts of dispelling energy.
Your rich purple scales are hard. (AC +7)
You cannot fit into any form of body armour.
You are cold-blooded and may be slowed by cold attacks.


Message History

The Orb Guardian looks even sicker.
The Orb Guardian completely misses you.
The black draconian hits your orange demon with a flail!
Your stone giant closely misses the death cob.
The death cob closely misses you.
The red draconian hits you from afar with a trident!
* * * LOW HITPOINT WARNING * * *
The red draconian barely misses you.
Unknown command.
You slice the death cob!! You open a gate to Pandemonium!
A demon appears!
Your tail-slap misses the death cob.
The death cob is almost destroyed.
You slice the green draconian!! You slash the yellow draconian!
You slice the Orb Guardian!!
You are engulfed in poison gas.
You are more poisoned.
* * * LOW HITPOINT WARNING * * *
x2 You feel very sick.
The death cob barely misses you.
The Orb Guardian is engulfed in poison gas.
The Orb Guardian looks even sicker.
The Orb Guardian hits you!!
You die...

▓▓▓▓▓▓▓▓▓▓▓▓
▓...8©8...▓...8©8...▓.
▓..|)|})).▓...).....▓.
▓...§))|..▓..[)}))..▓.
▓.........▓.........▓.
▓...dq....▓....))...▓.
▓..d4ddd..▓....))...▓.
▓...Czd...▓...))|...▓.
▓..▓X@d▓..▓....)....▓.
▓.▓...4.▓.▓.▓..)..▓.▓.
▓...§©§...▓....©....▓▓
▓▓▓▓▓▓▓▓▓▓▓▓▓▓▓▓▓▓▓▓▓


You could see a black draconian, a yellow draconian, 3 draconians, 2 draconians,
a death cob, an Orb Guardian, a red draconian scorcher, a friendly stone giant
(berserk) and 2 friendly orange demons.

Vanquished Creatures
  A spriggan druid (D)
  An orc sorcerer (D)
  A draconian (D)
  A black mamba (D)
  2 spiny frogs (D)
  2 hornets (D)
  A troll (D)
  A jumping spider (D)
  2 air elementals (D)
  5 spriggans (D)
  A basilisk (D)
  A yak (D)
  An insubstantial wisp (D)
  2 porcupines (D)
  2 orc warriors (D)
  2 black bears (D)
  2 ogres (D)
  8 wolves (D)
  2 bullfrogs (D)
  A scorpion (D)
  3 orc priests (D)
  An orc wizard (D)
  An iguana (D)
  A mummy (D)
  2 river rats (D)
  An adder (D)
  An adder skeleton (D)
  2 ball pythons (D)
  A jackal (D)
52 creatures vanquished.

Vanquished Creatures (collateral kills)
  A purple draconian (D)
  5 draconians (D)
  A guardian mummy (D)
  An insubstantial wisp (D)
  A naga (D)
  2 water moccasins (D)
  A black bear (D)
  2 wolves (D)
  A mummy (D)
15 creatures vanquished.

Vanquished Creatures (others)
  Sonja (D)
  Crazy Yiuf (D)
  Terence (D)
3 creatures vanquished.

Grand Total: 70 creatures vanquished

Notes
Turn   | Place    | Note
-------+----------+-------------------------------------------
     0 | D        | Found the +6 Majin-Bo {vamp, Archmagi MP+6 Int+6}
     0 | D        | Found the +7 great mace "Firestarter" {inner flame, rF++}
     0 | D        | Kidiri the Draconian Berserker began the quest for the Orb.
     0 | D        | Reached XP level 1. HP: 19/19 MP: 1/1
     0 | D        | Found a deep blue altar of Sif Muna.
     0 | D        | Found a sacrificial altar of Ru.
     0 | D        | Found a bloodstained altar of Trog.
     0 | D        | Found a stormy altar of Qazlal.
     0 | D        | Found an iron altar of Okawaru.
     0 | D        | Found a sparkling altar of Nemelex Xobeh.
     0 | D        | Found a blossoming altar of Fedhas.
     2 | D        | Found a transporter.
     2 | D        | Found an ancient bone altar of Kikubaaqudgha.
     2 | D        | Found a viscous altar of Jiyva.
     2 | D        | Found a corrupted altar of Lugonu.
     2 | D        | Found a hazy altar of Hepliaklqana.
     2 | D        | Found a burning altar of Makhleb.
     2 | D        | Found an opulent altar of Gozag.
    19 | D        | Found the +9 heavy crossbow "Sniper" {velocity, Acc+∞ SInv}
    19 | D        | Found the +10 dark maul {crush}
    19 | D        | Found the +15 Maxwell's patent armour {-Cast -Tele rElec MR+ rCorr}
    19 | D        | Found the +18 shield of the Gong {rElec rN+ MR+ EV-5}
    19 | D        | Found the cursed +14 obsidian axe {chop, +Fly SInv *Curse}
    20 | D        | Found the +6 shillelagh "Devastator" {shatter}
    20 | D        | Found the +11 plutonium sword {*Contam Stlth-}
    20 | D        | Found the +8 lance "Wyrmbane" {slay drac, rPois rF+ rC+ AC+3}
    20 | D        | Found the +9 sword of Zonguldrok {reap}
    20 | D        | Found the cursed +13 scythe of Curses {drain, *Curse}
    20 | D        | Found the +0 sword of Power
    20 | D        | Found the +15 mace of Variability {chaos}
    20 | D        | Found the +7 Singing Sword
    20 | D        | Found the +7 longbow "Piercer" {penet, EV-2}
    72 | D        | Reached skill level 5 in Fighting
    72 | D        | Reached XP level 2. HP: 29/29 MP: 1/3
   104 | D        | Entered arena 2.
   104 | D        | Noticed a jumping spider
   104 | D        | Noticed a scorpion
   104 | D        | Found a transporter.
   108 | D        | Killed a jumping spider
   108 | D        | Reached skill level 7 in Fighting
   108 | D        | Reached XP level 3. HP: 22/40 MP: 4/4
   108 | D        | Reached XP level 4. HP: 27/48 MP: 5/5
   108 | D        | Reached XP level 5. HP: 30/53 MP: 6/6
   110 | D        | Reached skill level 8 in Fighting
   244 | D        | Entered arena 3.
   244 | D        | Noticed a wolf
   244 | D        | Noticed a spriggan
   244 | D        | Noticed a wolf
   244 | D        | Found a transporter.
   246 | D        | Killed a wolf
   246 | D        | Reached ** piety under Trog
   246 | D        | Reached XP level 6. HP: 62/62 MP: 7/7
   246 | D        | Reached skill level 9 in Fighting
   248 | D        | Killed a spriggan
   248 | D        | Reached skill level 5 in Throwing
   248 | D        | Your scales start taking on a rich purple colour.
   248 | D        | Reached XP level 7. HP: 70/70 MP: 8/8
   255 | D        | Reached *** piety under Trog
   289 | D        | Entered arena 4.
   289 | D        | Noticed an air elemental
   289 | D        | Noticed an air elemental
   289 | D        | Found a transporter.
   290 | D        | Reached **** piety under Trog
   297 | D        | Killed an air elemental
   297 | D        | Reached skill level 10 in Fighting
   297 | D        | Killed an air elemental
   303 | D        | Reached ***** piety under Trog
   303 | D        | Reached XP level 8. HP: 18/81 MP: 9/9
   561 | D        | Entered arena 5.
   561 | D        | Noticed a guardian mummy
   561 | D        | Found a transporter.
   562 | D        | Found the +8 Wrath of Trog {antimagic, *Rage}
   564 | D        | Reached skill level 10 in Axes
   566 | D        | Killed a guardian mummy
   566 | D        | Reached skill level 11 in Fighting
   572 | D        | Received a gift from Trog
   737 | D        | Entered arena 6.
   737 | D        | Found a transporter.
   740 | D        | Reached ****** piety under Trog
   741 | D        | Received a gift from Trog
   764 | D        | Got the ring "Zuarepat" {rF+ rC+ MR+ Dex+4}
   854 | D        | Entered arena 7.
   854 | D        | Noticed a spriggan rider
   854 | D        | Noticed a spriggan rider
   855 | D        | Received a gift from Trog
   857 | D        | Found a transporter.
   860 | D        | Reached skill level 10 in Dodging
   860 | D        | Received a gift from Trog
   861 | D        | Reached skill level 12 in Fighting
   861 | D        | Reached XP level 9. HP: 90/90 MP: 10/10
   903 | D        | Entered arena 8.
   903 | D        | Noticed a draconian
   903 | D        | Noticed a draconian
   903 | D        | Noticed a draconian
   903 | D        | Noticed a draconian
   903 | D        | Noticed a draconian
   903 | D        | Noticed a draconian
   904 | D        | Received a gift from Trog
   905 | D        | Found a transporter.
   910 | D        | Killed a draconian
   911 | D        | Killed a draconian
   911 | D        | Reached skill level 13 in Fighting
   913 | D        | Killed a draconian
   914 | D        | Killed a draconian
   914 | D        | Killed a draconian
   914 | D        | Reached XP level 10. HP: 89/101 MP: 10/13
   916 | D        | Killed a draconian
   916 | D        | Received a gift from Trog
  1015 | D        | Killed Crazy Yiuf
  1131 | D        | Killed Terence
  1135 | D        | Entered arena 9.
  1135 | D        | Noticed a black mamba
  1136 | D        | Found a transporter.
  1144 | D        | Killed a black mamba
  1144 | D        | Reached skill level 14 in Fighting
  1144 | D        | Reached skill level 5 in Evocations
  1156 | D        | Got the ring "Jorux" {rCorr Stlth+}
  1315 | D        | Entered arena 10.
  1315 | D        | Noticed a spiny frog
  1315 | D        | Noticed a spiny frog
  1316 | D        | Found a transporter.
  1317 | D        | Received a gift from Trog
  1323 | D        | Killed a spiny frog
  1323 | D        | Received a gift from Trog
  1324 | D        | Received a gift from Trog
  1327 | D        | Killed a spiny frog
  1341 | D        | Killed Sonja
  1522 | D        | Entered arena 11.
  1522 | D        | Noticed a spriggan druid
  1524 | D        | Found a transporter.
  1529 | D        | Killed a spriggan druid
  1529 | D        | Received a gift from Trog
  1552 | D        | Got the amulet of Iriol {Harm *Drain rElec}
  1557 | D        | Received a gift from Trog
  1652 | D        | Entered arena 12.
  1652 | D        | Noticed an orc sorcerer
  1654 | D        | Received a gift from Trog
  1655 | D        | Found a transporter.
  1658 | D        | Received a gift from Trog
  1662 | D        | Reached skill level 15 in Fighting
  1663 | D        | Killed an orc sorcerer
  1663 | D        | Reached XP level 11. HP: 112/112 MP: 14/16
  1687 | D        | Got the ring of Atziucsa {rF+ Int+2}
  1717 | D        | Entered arena 13.
  1717 | D        | Noticed a black draconian
  1717 | D        | Noticed a purple draconian
  1717 | D        | Noticed a red draconian
  1717 | D        | Noticed a yellow draconian
  1717 | D        | Noticed a green draconian
  1718 | D        | Noticed an Orb Guardian
  1718 | D        | Noticed a red draconian
  1718 | D        | Received a gift from Trog
  1719 | D        | Noticed a death cob
  1719 | D        | Noticed a green draconian
  1719 | D        | Noticed a red draconian scorcher
  1719 | D        | Noticed a green draconian
  1722 | D        | Found a transporter.
  1722 | D        | Killed a purple draconian
  1724 | D        | Mangled by an Orb Guardian

Vault maps used:
D:        sprint_v

Skill      XL: |  1  2  3  4  5  6  7  8  9 10 11 |
---------------+----------------------------------+-----
Fighting       | 5 7 8 9 10 12 13 15 | 15.2
Axes           | 4 7 8 9 11 12 14 | 14.2
Throwing       | 2 3 4 5 6 8 9 |  9.3
Dodging        | 4 6 7 8 9 10 11 13 | 13.1
Evocations     | 2 4 6 7 |  7.0

Action                   |  1- 3 |  4- 6 |  7- 9 | 10-12 || total
-------------------------+-------+-------+-------+-------++-------
Melee: Executioner's axe |     2 |     2 |       |       ||     4
       Broad axe         |       |     3 |    24 |    27 ||    54
       Tailslap          |       |     1 |     3 |       ||     4
Invok: Berserk           |       |     1 |     5 |     5 ||    11
       Burn Spellbooks   |       |       |     5 |     5 ||    10
       Brothers in Arms  |       |       |     3 |     2 ||     5
 Abil: Breathe Dispellin |       |       |     1 |       ||     1
  Use: Potion            |     1 |       |       |       ||     1
       Scroll            |       |     1 |       |       ||     1
 Stab: Distracted        |       |       |     1 |       ||     1
  Eat: Fruit             |       |       |    12 |       ||    12
       Chunk             |       |       |     1 |     2 ||     3
Armor: Skin              |     1 |       |     4 |     5 ||    10
Dodge: Dodged            |     7 |     3 |    46 |    50 ||   106

Table legend:
 A = Spawn XP
 B = Non-spawn XP
 C = Spawn XP percentage of total XP
 D = Spawn monster count
 E = Non-spawn monster count
 F = Spawn count percentage of total count
 G = Total turns spent on level
                    A         B        C        D         E        F      G
               +---------+---------+-------+---------+---------+-------+---------
         Total |       0 |   12158 |   0.0 |       0 |      67 |   0.0 |  1724
               +---------+---------+-------+---------+---------+-------+---------
             D |       0 |   12158 |   0.0 |       0 |      67 |   0.0 |  1724
               +---------+---------+-------+---------+---------+-------+---------
